 Dungeon Crawl Stone Soup version 0.17-a0-1941-gcc30b76 (webtiles) character file.

2218 Kuldar the Thaumaturge (level 9, -4/45 HPs)
             Began as a Deep Elf Wizard on Sept 30, 2015.
             Was an Initiate of Vehumet.
             Slain by a manticore (15 damage)
             ... on level 6 of the Dungeon.
             The game lasted 00:29:11 (6020 turns).

Kuldar the Thaumaturge (Deep Elf Wizard)            Turns: 6020, Time: 00:29:11

Health: -4/45      AC:  7    Str:  4    XL:     9   Next: 13%
Magic:  15/26      EV: 12    Int: 27    God:    Vehumet [......]
Gold:   261        SH:  0    Dex: 13    Spells: 5 memorised, 20 levels left

rFire  . . .     SeeInvis .     C - -3 halberd (curse)
rCold  . . .     Clarity  .     a - +0 robe
rNeg   . . .     SustAt   .     (no shield)
rPois  .         Gourm    .     y - +1 hat
rElec  .         Spirit   .     b - +0 cloak
rCorr  .         Warding  .     L - +2 pair of gloves {archery}
rMut   .         Stasis   .     (no boots)
MR     .....                    (no amulet)
Stlth  ++........               (no ring)
                                (no ring)

@: manticore barbs, repel missiles, not resistant to hostile enchantments,
unstealthy
A: no striking features
a: Renounce Religion


You were on level 6 of the Dungeon.
You worshipped Vehumet.
Vehumet was noncommittal.
You were not hungry.

You visited 2 branches of the dungeon, and saw 8 of its levels.

You collected 294 gold pieces.
You spent 33 gold pieces at shops.

Inventory:

Hand weapons
 C - a cursed -3 halberd (weapon)
 D - a +1 spear of pain
 M - a +0 dagger of protection
 N - a cursed -2 quarterstaff
Missiles
 E - 8 curare-tipped needles
Armour
 a - a +0 robe (worn)
 b - a +0 cloak (worn)
 y - a +1 hat (worn)
 L - a +2 pair of gloves of archery (worn)
Jewellery
 f - a cursed -2 ring of intelligence {unknown}
 o - an uncursed ring of poison resistance {unknown}
 q - an uncursed amulet of resist mutation {unknown}
 r - an uncursed ring of wizardry {unknown}
 t - an uncursed amulet of resist mutation {unknown}
 w - an uncursed amulet of clarity {unknown}
 F - an uncursed amulet of guardian spirit {unknown}
Magical devices
 p - a wand of paralysis (13)
 H - a wand of invisibility (3)
Scrolls
 g - 4 scrolls of teleportation {unknown}
 h - 3 scrolls of enchant weapon {unknown}
 i - 3 scrolls of enchant armour {unknown}
 j - 3 scrolls of noise {unknown}
 k - 7 scrolls of identify {unknown}
 m - 2 scrolls of random uselessness {unknown}
 n - 5 scrolls of remove curse {unknown}
 u - a scroll of recharging {unknown}
 v - a scroll of fog {unknown}
 B - a scroll of amnesia {unknown}
Potions
 e - a potion of resistance {unknown}
 l - 2 potions of heal wounds {unknown}
 s - 2 potions of lignification
 A - a potion of haste {unknown}
 G - a potion of poison {unknown}
 I - a potion of curing
 K - 2 potions of cancellation {unknown}
Books
 c - a book of Minor Magic

   Spells                             Type                      Level
   a - Magic Dart                     Conjuration                  1
   b - Blink                          Translocation                2
   c - Call Imp                       Summoning                    2
   d - Repel Missiles                 Charms/Air                   2
   e - Slow                           Hexes                        2
   f - Conjure Flame                  Conjuration/Fire             3
   g - Mephitic Cloud                 Conjuration/Poison/Air       3
 J - the Catalogue of Shape Shifting
   (You found it on level 5 of the Dungeon)

   Spells                             Type                      Level
   a - Beastly Appendage              Transmutation                1
   b - Ignite Poison                  Fire/Transmutation/Poison    3
   c - Passwall                       Transmutation/Earth          3
   d - Alistair's Intoxication        Transmutation/Poison         4
   e - Petrify                        Transmutation/Earth          4
   f - Irradiate                      Conjuration/Transmutation    5
Comestibles
 d - 2 bread rations
 x - a beef jerky
 z - 2 meat rations
 O - 2 chunks of flesh


   Skills:
 - Level 2.4 Dodging
 - Level 2.4 Stealth
 * Level 11.5 Spellcasting
 * Level 9.6 Conjurations
   Level 1.1 Summonings
 - Level 1.1 Translocations


You had 20 spell levels left.
You knew the following spells:

 Your Spells              Type           Power        Failure   Level  Hunger
a - Magic Dart            Conj           ####         1%          1    None
b - Blink                 Tloc           N/A          4%          2    None
c - Repel Missiles        Chrm/Air       ###...       8%          2    None
e - Conjure Flame         Conj/Fire      #####...     1%          3    None
h - Mephitic Cloud        Conj/Pois/Air  ####....     2%          3    None


Dungeon Overview and Level Annotations

Branches:
Dungeon (7/15)             Temple (1/1) D:5

Altars:
Ashenzari
Cheibriados
Dithmenos
Elyvilon
Fedhas
Gozag
Kikubaaqudgha
Makhleb
Nemelex Xobeh
Ru
Sif Muna
Trog
Vehumet
Xom
Zin
The Shining One

Shops:
D:5 (:(*


Message History

Confirm with . or Enter, or press ? or * to list all spells.
Aiming: Magic Dart
Press: ? - help, Shift-Dir - straight line, f/p - manticore
Aim: a manticore (flame, moderately wounded)
The magic dart hits the manticore.
The manticore is moderately wounded.
The manticore is engulfed in roaring flames.
The manticore barely misses you. The manticore claws you!
* * * LOW HITPOINT WARNING * * *
The manticore claws you but does no damage.
Unknown command.
Evoke which item? (* to show all) (? for menu, Esc to quit)
Zapping:
p - a wand of paralysis (will waste charges)
Press: ? - help, Shift-Dir - straight line, f/p - manticore
Aim: a manticore (flame, heavily wounded, chance to defeat MR: 28%)
The manticore easily resists.
Evoking this partially-identified wand wasted a few charges.
The manticore is engulfed in roaring flames.
The manticore bites you!
You die...

####...### #8...#....#
##### #....#.)..#
#....#....# #####
#....'....# ....#
#....###### ....# #....#
....# #....#
....######## #....#
....#......# #@..8#
....#......# #H####
....#......# #§§..#
....#......#
#§...#.y....Y
#####......#
#....#...o... #......#
#....#F......
#......#####....#.......
###
#.........##....#...S...
..#
#.........##....#.......


You could see a manticore.

Vanquished Creatures
  Pikel (D:7)
  A wyvern (D:6)
  An orc warrior (D:6)
  2 black bears (D:6)
  2 centaurs
  An ogre (D:4)
  2 giant frogs (D:6)
  A scorpion (D:5)
  The ghost of Lysie the Chopper, a weakling MiBe of Trog (D:3)
  A crimson imp (D:7)
  A centaur zombie (D:7)
  A giant frog skeleton (D:6)
  A jelly (D:6)
  A gnoll shaman (D:5)
  4 orc priests
  4 orc wizards
  8 worker ants
  A hound skeleton (D:7)
  8 adders
  14 gnolls
  3 oozes
  An adder skeleton (D:6)
  3 worms
  3 giant geckos
  12 orcs
  A ball python (D:4)
  6 giant cockroaches
  6 hobgoblins
  8 jackals (D:5)
  5 bats
  A giant cockroach zombie (D:5)
  A giant gecko skeleton (D:5)
  12 giant newts
  6 goblins
  3 kobolds
  7 rats
134 creatures vanquished.

Notes
Turn   | Place    | Note
--------------------------------------------------------------
     0 | D:1      | Kuldar the Deep Elf Wizard began the quest for the Orb.
     0 | D:1      | Reached XP level 1. HP: 10/10 MP: 7/7
   192 | D:1      | Reached XP level 2. HP: 15/15 MP: 2/9
   875 | D:1      | Reached XP level 3. HP: 19/19 MP: 8/11
   956 | D:2      | Learned a level 2 spell: Blink
   959 | D:2      | Learned a level 2 spell: Repel Missiles
   963 | D:2      | Learned a level 3 spell: Conjure Flame
   967 | D:2      | Learned a level 3 spell: Mephitic Cloud
  1286 | D:2      | Reached skill level 5 in Spellcasting
  1289 | D:2      | Found a faded altar to an unknown god.
  1550 | D:3      | Reached XP level 4. HP: 24/24 MP: 5/13
  1596 | D:3      | Noticed Lysie's ghost (weakling MiBe)
  1652 | D:3      | Killed Lysie's ghost
  1925 | D:3      | Found a glowing golden altar of the Shining One.
  1925 | D:3      | Found a shimmering altar of Xom.
  2034 | D:3      | Found an ancient bone altar of Kikubaaqudgha.
  2087 | D:3      | Reached skill level 6 in Spellcasting
  2087 | D:3      | Reached XP level 5. HP: 28/28 MP: 6/15
  2152 | D:4      | Found an opulent altar of Gozag.
  2429 | D:4      | Reached skill level 5 in Conjurations
  2479 | D:4      | Reached XP level 6. HP: 27/32 MP: 4/17
  2580 | D:4      | Found a glowing silver altar of Zin.
  2603 | D:4      | Noticed an ogre
  2619 | D:4      | Killed an ogre
  2619 | D:4      | Reached skill level 7 in Spellcasting
  3132 | D:5      | Entered Level 5 of the Dungeon
  3162 | D:5      | Found a snail-covered altar of Cheibriados.
  3206 | D:5      | Reached XP level 7. HP: 29/36 MP: 16/20
  3218 | D:5      | HP: 1/36 [cloud of noxious fumes (1)]
  3456 | D:5      | Found Mamothrurph's Antique Weapon Shoppe.
  3462 | D:5      | Reached skill level 8 in Spellcasting
  3760 | D:5      | Found a staircase to the Ecumenical Temple.
  3814 | D:5      | Found a sparkling altar of Nemelex Xobeh.
  4291 | D:5      | Found Raetwoet's Weapon Shoppe.
  4291 | D:5      | Found Sifiz's Book Shoppe.
  4301 | D:5      | Reached skill level 9 in Spellcasting
  4429 | Temple   | Entered the Ecumenical Temple
  4441 | Temple   | Became a worshipper of Vehumet
  4482 | D:5      | Found Dydaula's General Store.
  4490 | D:5      | Bought a potion of curing for 33 gold pieces
  4532 | D:5      | Identified the Catalogue of Shape Shifting
  4814 | D:6      | Reached XP level 8. HP: 38/41 MP: 13/23
  5124 | D:6      | Reached skill level 10 in Spellcasting
  5566 | D:7      | Noticed Pikel
  5679 | D:7      | Killed Pikel
  5679 | D:7      | Reached skill level 11 in Spellcasting
  5823 | D:6      | Reached XP level 9. HP: 34/45 MP: 9/26
  6003 | D:6      | Noticed a manticore
  6020 | D:6      | Slain by a manticore

Vault maps used:
D:1:      moated_graveyard_arrival, minmay_newt_pond
D:2:      ecumenical_altar_2
D:3:      gammafunk_temple_overflow_forgotten
D:4:      kennysheep_mini, nicolae_gozag_seed_capital, first_bread
D:5:      kennysheep_little_box, nemelex_xobeh_ov_fountains_minmay,
          minmay_temple_entry_statues, serial_shops, shop, nicolae_shop_crystal,
          shop, shop
D:6:      minmay_klotski
D:7:      uniq_pikel
Temple:   triangle_lava_temple_11

Action                   |  1- 3 |  4- 6 |  7- 9 || total
-------------------------+-------+-------+-------++-------
Melee: Halberd           |       |     2 |    13 ||    15
 Cast: Magic Dart        |    83 |   115 |   178 ||   376
       Conjure Flame     |       |     7 |    17 ||    24
       Blink             |       |     3 |     5 ||     8
       Mephitic Cloud    |       |       |    10 ||    10
       Repel Missiles    |       |       |     1 ||     1
Evoke: Wand              |       |       |     1 ||     1
  Use: Potion            |       |       |     1 ||     1
  Eat: Chunk             |     2 |     5 |     8 ||    15
